Map: Ice and Chrome LE

Players

Namshar - Winner!

  • Race: Zerg Zerg
  • League: Grandmaster
  • Spawn Location: 1:00

Semper

  • Race: Protoss Protoss
  • Spawn Location: 7:00

Event: DreamHack SC2 Masters 2020 Summer North America

VOD

Have the link to the VOD?

Description

Time

  • Played on: June 30, 2020, 4:59 p.m.
  • Length: 10:25

All games in this series

Show
View Real Time Build Order
Export as new Build Order

Namshar Zerg - Winner!

Build Orders: Hatch First 

Get SALT Encoding   

  12  0:00  Drone  
  13  0:12  Overlord  
  13  0:17  Drone  
  14  0:30  Drone x2  
  16  0:47  Hatchery  
  15  0:51  Drone  
  15  0:54  Drone  
  17  0:57  Drone  
  18  1:08  Extractor  
  17  1:13  Spawning Pool  
  17  1:16  Drone  
  17  1:20  Drone  
  18  1:28  Drone  
  19  1:39  Drone  
  20  1:50  Overlord  
  20  1:59  Queen  
  20  2:00  Zergling x4, Queen  
  26  2:10  Drone  
  26  2:11  Drone  
  26  2:12  Metabolic Boost  
  28  2:23  Drone  
  28  2:24  Drone  
  30  2:32  Drone x2  
  32  2:39  Hatchery  
  32  2:43  Drone  
  32  2:46  Overlord  
  32  2:52  Queen  
  32  2:55  Drone  
  35  3:01  Overlord  
  35  3:04  Zergling x2  
  35  3:10  Drone  
  35  3:11  Drone x3  
  39  3:14  Drone  
  39  3:15  Drone  
  39  3:17  Overlord  
  41  3:25  Zergling x4  
  43  3:28  Queen  
  43  3:32  Drone, Spore Crawler  
  45  3:39  Drone x3  
  45  3:40  Spore Crawler  
  47  3:45  Drone  
  48  3:53  Overlord  
  48  3:54  Drone x3  
  51  4:04  Drone x5  
  51  4:09  Zergling x2  
  57  4:11  Spore Crawler  
  57  4:13  Zergling x2  
  57  4:17  Roach Warren  
  56  4:24  Drone x6  
  56  4:30  Lair  
  62  4:31  Queen  
  62  4:32  Extractor x2  
  62  4:36  Drone x5  
  67  4:41  Overlord  
  67  4:42  Drone x2  
  69  4:48  Drone x3  
  69  4:52  Overlord x2  
  72  4:57  Drone  
  73  5:04  Drone x7  
  78  5:08  Overlord  
  78  5:15  Roach  
  78  5:16  Roach x4  
  78  5:18  Evolution Chamber  
  78  5:20  Extractor x2  
  85  5:23  Overlord x2  
  85  5:26  Extractor  
  85  5:28  Roach x2  
  88  5:29  Overseer  
  88  5:32  Glial Reconstitution  
  88  5:34  Drone x5  
  93  5:42  Roach  
  97  5:43  Roach  
  97  5:47  Roach x5  
  107  5:53  Overlord x2  
  106  5:57  Roach x3  
  106  6:02  Zerg Missile Weapons Level 1  
  107  6:12  Drone  
  107  6:13  Drone x5  
  112  6:18  Drone  
  112  6:19  Drone x5  
  117  6:28  Baneling Nest  
  116  6:36  Drone  
  116  6:37  Overlord  
  116  6:39  Hatchery  
  116  6:43  Queen  
  116  6:46  Pneumatized Carapace  
  118  6:48  Overseer  
  118  6:58  Overlord  
  118  6:59  Overlord  
  118  7:01  Overlord x2  
  118  7:04  Drone x9  
  127  7:09  Overlord x3  
  127  7:10  Centrifical Hooks  
  127  7:17  Evolution Chamber  
  127  7:19  Zergling x14  
  133  7:29  Ravager x2  
  135  7:32  Hatchery  
  134  7:37  Overlord  
  134  7:39  Drone x3  
  137  7:44  Drone  
  137  7:46  Infestation Pit  
  137  7:47  Zerg Melee Weapons Level 1  
  137  7:48  Baneling x7  
  137  7:49  Baneling x8  
  137  7:54  Extractor x2  
  137  7:56  Overlord  
  135  8:02  Zerg Missile Weapons Level 2  
  135  8:05  Drone x2, Ravager x4  
  140  8:06  Drone x6  
  140  8:08  Zergling x14  
  154  8:21  Ravager  
  154  8:22  Ravager x2  
  154  8:23  Zergling x18  
  166  8:28  Zergling x8  
  166  8:29  Overseer  
  170  8:36  Zergling x16  
  178  8:44  Queen  
  178  8:46  Drone  
  181  8:49  Zergling x12  
  181  8:52  Baneling x19  
  181  8:54  Ravager x3  
  181  8:55  Ravager  
  191  8:56  Baneling x4  
  191  8:57  Baneling  
  191  9:00  Baneling x6  
  191  9:09  Zergling x10  
  200  9:10  Zergling x8  
  199  9:28  Zergling x2  
  199  9:29  Zergling x24  
  191  9:34  Roach, Zergling x8  
  187  9:40  Zergling x2  
  187  9:41  Zergling x4  
  189  9:51  Spire  
  188  9:53  Zergling x2  
  188  9:54  Zergling x20  
  188  9:55  Baneling x16  
  199  10:11  Baneling x8  
Show
View Real Time Build Order
Export as new Build Order

Semper Protoss 

Build Orders: 1 Gate Expand, Oracle Opening, Archon Immortal 

Get SALT Encoding   

  12  0:00  Probe  
  13  0:13  Probe  
  14  0:18  Pylon  
  14  0:24  Probe  
  15  0:31  Assimilator  
  15  0:33  Probe  
  15  0:41  Probe  
  17  0:50  Gateway  
  17  0:51  Probe  
  18  1:03  Probe  
  19  1:15  Probe  
  20  1:26  Nexus  
  20  1:37  Cybernetics Core  
  20  1:39  Probe  
  21  1:46  Assimilator  
  21  1:51  Probe  
  21  1:54  Pylon  
  22  2:03  Probe  
  22  2:05  Adept  
  23  2:15  Probe, Warp Gate  
  26  2:25  Adept  
  26  2:26  Stargate  
  26  2:27  Probe  
  27  2:34  Probe  
  29  2:40  Probe  
  29  2:42  Probe  
  32  2:54  Stalker  
  34  3:00  Oracle  
  34  3:02  Probe x2  
  39  3:14  Probe  
  39  3:17  Probe  
  41  3:21  Pylon  
  41  3:26  Probe  
  42  3:29  Gateway, Probe  
  43  3:38  Probe  
  43  3:39  Oracle  
  43  3:41  Probe  
  48  3:42  Gateway  
  48  3:50  Probe  
  48  3:54  Probe  
  50  3:57  Pylon  
  50  3:59  Assimilator  
  50  4:01  Assimilator  
  50  4:03  Probe  
  50  4:07  Probe  
  52  4:11  Twilight Council  
  52  4:15  Probe  
  53  4:23  Resonating Glaives, Probe  
  54  4:28  Adept  
  54  4:29  Adept  
  54  4:30  Probe, Pylon  
  59  4:34  Pylon  
  59  4:37  Nexus  
  59  4:41  Nexus  
  59  4:45  Pylon  
  58  4:49  Probe  
  59  4:58  Adept x2  
  63  5:04  Probe  
  63  5:05  Adept  
  62  5:11  Probe  
  63  5:16  Probe  
  63  5:18  Pylon  
  64  5:23  Adept x2, Probe  
  69  5:28  Probe  
  69  5:30  Adept  
  69  5:35  Probe  
  73  5:41  Probe  
  74  5:47  Probe  
  74  5:49  Robotics Facility  
  75  5:50  Robotics Facility  
  75  5:53  Pylon, Probe  
  75  5:56  Probe  
  77  5:58  Sentry x2  
  77  5:59  Sentry, Probe  
  77  6:04  Forge, Charge  
  80  6:12  Probe  
  80  6:13  Probe  
  69  6:20  Probe  
  69  6:22  Sentry  
  69  6:23  Zealot x2  
  69  6:25  Probe x2  
  76  6:28  Gateway  
  76  6:30  Immortal x2  
  76  6:32  Probe  
  77  6:33  Assimilator  
  77  6:37  Assimilator, Probe x2  
  79  6:44  Probe  
  88  6:47  Protoss Ground Weapons Level 1  
  88  6:49  Probe x2  
  88  6:54  Shield Battery  
  90  6:57  Phoenix x2  
  90  6:58  Probe  
  90  6:59  Immortal  
  91  7:04  Probe  
  91  7:07  Templar Archives  
  92  7:10  Observer  
  92  7:14  Probe  
  92  7:15  Pylon, Probe  
  99  7:18  Shield Battery  
  99  7:20  Zealot x2  
  99  7:21  Zealot  
  105  7:26  Probe x2  
  107  7:31  Gateway  
  107  7:33  Gateway  
  107  7:34  Gateway  
  107  7:36  Gateway  
  107  7:37  Warp Prism  
  107  7:43  Phoenix x2, Pylon  
  109  7:48  High Templar x4  
  117  7:54  Photon Cannon  
  117  8:02  Pylon  
  117  8:03  Immortal x2, Pylon  
  117  8:04  Photon Cannon, Pylon  
  117  8:06  Archon  
  117  8:07  Archon  
  125  8:22  High Templar x2  
  125  8:23  High Templar x2  
  125  8:25  Stalker  
  135  8:31  Pylon  
  135  8:32  Archon x2  
  135  8:33  Pylon, Zealot x3  
  141  8:50  Warp Prism  
  141  8:51  Immortal  
  141  8:53  Psionic Storm  
  147  8:56  Nexus  
  147  8:58  Pylon  
  147  9:01  Pylon  
  147  9:03  Pylon  
  147  9:06  Zealot  
  147  9:07  Zealot  
  147  9:22  Zealot x6  
  95  9:39  High Templar x2  
  95  9:40  Immortal x2  
  103  9:47  High Templar x2  
  103  9:48  Zealot x4  
  115  9:57  Probe x2  
  117  10:00  Shield Battery  
  117  10:02  Shield Battery  
  117  10:04  Photon Cannon  
  117  10:07  Gateway  
  117  10:09  Gateway  
  117  10:10  High Templar x2  
  117  10:12  Zealot x2  
  108  10:22  Archon  
Tags
 
Add a new tag
Caveats
  • Supply blocks, unpowered buildings, or Contaminate may cause inaccurate times.
  • Supply counts are checked every 10 seconds.